 Dungeon Crawl Stone Soup version 0.31-a0-204-g7da18cac08 (webtiles) character file.

Game seed: 8422717247234263134

1496 ragingrage the Cleaver (level 9, -1/61 HPs)
             Began as a Formicid Artificer on June 28, 2023.
             Slain by Dowan
             ... wielding a +0 dagger
              (5 damage)
             ... on level 7 of the Dungeon.
             The game lasted 00:05:56 (5611 turns).

ragingrage the Cleaver (Formicid Artificer)         Turns: 5611, Time: 00:05:57

Health: -1/61      AC:  7    Str: 21    XL:     9   Next: 8%
Magic:  9/9        EV: 10    Int: 11    God:
Gold:   110        SH:  0    Dex: 14    Spells: 8/8 levels left

rFire   + . .        i - +0 war axe
rCold   . . .        (no shield)
rNeg    . . .        u - +0 scale mail
rPois   +            (helmet unavailable)
rElec   .            h - +0 cloak
rCorr   .            (no gloves)
SInv    +            (no boots)
Will    .....        t - amulet of regeneration
Stlth   +            s - ring of protection from fire
HPRegen 1.10/turn    y - ring of poison resistance
MPRegen 0.11/turn

%: no passive effects
@: no status effects
A: permanent stasis, dig shafts and tunnels, antennae 3, four strong arms
a: Dig, Shaft Self


You were on level 7 of the Dungeon.
You visited 2 branches of the dungeon, and saw 8 of its levels.

You collected 327 gold pieces.
You spent 217 gold pieces at shops.

Inventory:

Hand Weapons
 b - a +0 sling
 i - a +0 war axe (weapon)
 k - a +1 dagger of draining
Missiles
 a - 20 poisoned darts (quivered)
Armour
 h - a +0 cloak (worn)
 u - a +0 scale mail (worn)
Jewellery
 s - a ring of protection from fire (left hand)
 t - an amulet of regeneration (around neck)
 y - a ring of poison resistance (right hand)
Wands
 c - a wand of flame (14)
 d - a wand of charming (1)
 e - a wand of iceblast (3)
 A - a wand of mindburst (10)
Scrolls
 j - a scroll of immolation {unknown}
 l - a scroll of enchant weapon {unknown}
 p - 2 scrolls of enchant armour
 q - a scroll of torment {unknown}
 x - a scroll of fear {unknown}
 B - a scroll of acquirement {unknown}
 D - 2 scrolls of fog
 E - a scroll of blinking {unknown}
 H - a scroll of poison
 I - a scroll of revelation
Potions
 g - a potion of might {unknown}
 m - a potion of berserk rage {unknown}
 n - a potion of magic {unknown}
 o - a potion of resistance {unknown}
 r - a potion of invisibility {unknown}
 v - 2 potions of cancellation
 w - 2 potions of attraction
 z - a potion of enlightenment
 C - a potion of degeneration {unknown}
 F - 2 potions of curing


   Skills:
 - Level 2.2 Fighting
 + Level 10.3 Axes
 - Level 2.1 Armour
 - Level 0.8 Dodging
 - Level 2.5 Stealth
 - Level 3.2 Evocations


You had 8 spell levels left.
You didn't know any spells.
Your spell library was empty.

Dungeon Overview and Level Annotations

Branches:
Dungeon (7/15)             Temple (1/1) D:4

Altars:
Ashenzari
Cheibriados
Dithmenos
Elyvilon
Fedhas
Gozag
Hepliaklqana
Makhleb
Nemelex Xobeh
Qazlal
Ru
Trog
Uskayaw
Xom
Yredelemnul
The Shining One

Shops:
D:6 ?

Annotations:
D:2 1 runed translucent door, Crazy Yiuf
D:7 Dowan


Innate Abilities, Weirdness & Mutations

You cannot be hasted, slowed, berserked, paralysed or teleported.
You can dig through walls and to a lower floor.
You have a pair of large antennae on your head. (SInv)
Your four strong arms can wield two-handed weapons with a shield.


Message History

Dowan seems to find hidden reserves of power!
Aiming: Iceblast
Press: ? - help, Shift-Dir - straight line, f - wyvern, p - Dowan
Aim: a wyvern (almost dead, unaware, hasn't noticed you)
The mass of ice explodes!
The iceblast engulfs the wyvern!
You kill the wyvern!
Dowan says, "Her death will not be in vain!"
Dowan hits you with a +0 dagger.
* * * LOW HITPOINT WARNING * * *
Your Axes skill increases to level 10!
You have reached level 9!
Your experience leads to an increase in your attributes!
Increase (S)trength, (I)ntelligence, or (D)exterity?
You feel stronger. x2
Unknown command.
Okay, then.
Throw: dart (curare)
Press: ? - help, Shift-Dir - straight line, f - Dowan
Aim: Dowan, wielding a +0 dagger and wearing a +0 robe (lightly wounded, fast, poisoned, 48% to hit)
You throw a curare-tipped dart.
The curare-tipped dart closely misses Dowan.
Dowan hits you with a +0 dagger.
* * * LOW HITPOINT WARNING * * *
Dowan casts a spell at you. The stone arrow hits you!
* * * LOW HITPOINT WARNING * * *
Throw: throwing net
Press: ? - help, Shift-Dir - straight line, f/p - Dowan
Aim: Dowan, wielding a +0 dagger and wearing a +0 robe (lightly wounded, fast, poisoned, 48% to hit)
You throw a throwing net. The throwing net barely misses Dowan.
Dowan hits you but does no damage.
Aiming: Charm
Press: ? - help, Shift-Dir - straight line, f/p - Dowan
Aim: Dowan, wielding a +0 dagger and wearing a +0 robe (lightly wounded, fast, poisoned, chance to affect: 57%)
Okay, then.
Aiming: Charm
Press: ? - help, Shift-Dir - straight line, f/p - Dowan
Aim: Dowan, wielding a +0 dagger and wearing a +0 robe (lightly wounded, fast, poisoned, chance to affect: 57%) Dowan resists with significant effort.
Dowan hits you with a +0 dagger.
You die...

###
.(.
#.#
#.#
#(#
#e#
#@#
#)#
...
#.#..
#.
..#
##
#.#
.# .#


You could see Dowan (fast, poisoned).

Vanquished Creatures
  Sigmund (D:6)
  A wyvern (D:7)
  2 black bears (D:4)
  A kobold brigand (D:5)
  A scorpion (D:6)
  A killer bee (D:6)
  2 hounds (D:5)
  2 orc priests (D:4)
  A sleepcap (D:4)
  A gnoll bouda (D:5)
  2 iguanas
  5 orc wizards
  Robin (D:3)
  12 gnolls
  7 adders
  3 white imps
  A dart slug (D:4)
  9 orcs
  11 endoplasms
  2 giant cockroaches
  14 goblins
  12 hobgoblins
  2 quokkas
  5 ball pythons
  4 bats
  7 frilled lizards
  26 kobolds
  6 rats
142 creatures vanquished.

Vanquished Creatures (collateral kills)
  4 killer bees (D:6)
4 creatures vanquished.

Vanquished Creatures (others)
  Duvessa (D:7)
  A killer bee (D:6)
  A jelly (D:4)
3 creatures vanquished.

Grand Total: 149 creatures vanquished

Notes
Turn   | Place    | Note
-------+----------+-------------------------------------------
     0 | D:1      | ragingrage the Formicid Artificer began the quest for the
                  | Orb.
     0 | D:1      | Reached XP level 1. HP: 15/15 MP: 1/1
   152 | D:1      | Reached XP level 2. HP: 20/21 MP: 2/2
   503 | D:1      | Reached XP level 3. HP: 23/27 MP: 3/3
   758 | D:1      | Reached skill level 1 in Axes
  1086 | D:2      | Reached skill level 2 in Axes
  1086 | D:2      | Reached XP level 4. HP: 31/33 MP: 4/4
  1236 | D:2      | Found a faded altar of an unknown god.
  1331 | D:2      | Found a runed translucent door.
  1332 | D:2      | Noticed Crazy Yiuf
  1580 | D:3      | Noticed Robin
  1729 | D:2      | Reached skill level 3 in Axes
  1729 | D:2      | Reached XP level 5. HP: 33/38 MP: 5/5
  1851 | D:3      | Killed Robin
  2135 | D:3      | Found a snail-covered altar of Cheibriados.
  2205 | D:3      | Reached skill level 4 in Axes
  2357 | D:4      | Noticed a black bear
  2367 | D:4      | Killed a black bear
  2368 | D:4      | Reached skill level 5 in Axes
  2368 | D:4      | Reached XP level 6. HP: 34/44 MP: 6/6
  2453 | D:4      | Noticed a black bear
  2465 | D:4      | Killed a black bear
  2466 | D:4      | Reached skill level 6 in Axes
  2466 | D:4      | Reached XP level 7. HP: 19/50 MP: 7/7
  2547 | D:4      | Found a staircase to the Ecumenical Temple.
  2555 | Temple   | Entered the Ecumenical Temple
  3021 | D:4      | Found a hazy altar of Hepliaklqana.
  3058 | D:4      | Reached skill level 7 in Axes
  3567 | D:5      | Entered Level 5 of the Dungeon
  3894 | D:5      | Reached XP level 8. HP: 45/56 MP: 8/8
  4075 | D:5      | Reached skill level 8 in Axes
  4441 | D:6      | Reached skill level 9 in Axes
  4750 | D:6      | Noticed Sigmund
  4801 | D:6      | Killed Sigmund
  5088 | D:6      | Found Gosymur's Magic Scroll Boutique.
  5094 | D:6      | Bought a scroll of poison for 56 gold pieces
  5094 | D:6      | Bought a scroll of revelation for 105 gold pieces
  5094 | D:6      | Bought a scroll of fog for 56 gold pieces
  5593 | D:7      | Noticed Duvessa
  5593 | D:7      | Noticed Dowan
  5593 | D:7      | Noticed a wyvern
  5607 | D:7      | Your ally Duvessa died
  5608 | D:7      | Killed a wyvern
  5609 | D:7      | Reached skill level 10 in Axes
  5609 | D:7      | Reached XP level 9. HP: 17/61 MP: 9/9
  5609 | D:7      | HP: 2/61 [Dowan/stone arrow (15)]
  5611 | D:7      | Slain by Dowan

Illustrated notes

Levels and vault maps discovered:
D:1:      psy_arrival_terrarium, layout_basic
D:2:      layout_rooms, ebering_ecumenical_altar_sacrificial,
          uniq_crazy_yiuf_cottage
D:3:      layout_rooms, mainiacjoe_overflow_surrounded_room, uniq_robin
D:4:      layout_basic, nicolae_hepliaklqana_hazy_memory,
          minmay_temple_entry_ruins
D:5:      kennysheep_kobold_camp, layout_basic
D:6:      layout_layer_cave, serial_shops,
          nicolae_shop_temple_entry_statues_fountains, uniq_sigmund
D:7:      layout_loops_ring, okawaru_altar_gauntlet_db, enter_bailey_3,
          nrook_campfire, grunt_potential, uniq_duvessa
Temple:   eino_narrow_crystal_temple

Skill      XL: |  1  2  3  4  5  6  7  8 |
---------------+-------------------------+-----
Stealth        | 2 |  2.5
Fighting       | 2 |  2.2
Axes           | 2 3 5 6 7 10 | 10.3
Armour         | |  2.1
Dodging        | |  0.8
Evocations     | |  3.2

Action                     |  1- 3 |  4- 6 |  7- 9 || total
---------------------------+-------+-------+-------++-------
  Melee: Club              |    38 |       |       ||    38
         War axe           |    51 |   131 |   200 ||   382
         Whip              |     9 |       |       ||     9
         Punch             |       |       |     1 ||     1
  Throw: Dart              |       |     6 |     6 ||    12
         Throwing net      |       |       |     1 ||     1
  Evoke: Wand              |     1 |     1 |    17 ||    19
    Use: Potion            |     1 |       |     3 ||     4
         Scroll            |       |       |     6 ||     6
   Stab: Sleeping          |     1 |       |       ||     1
         Distracted        |     1 |       |       ||     1
 Armour: Leather armour    |    34 |     2 |       ||    36
         Scale mail        |       |   104 |    66 ||   170
  Dodge: Dodged            |    64 |   103 |   104 ||   271

Table legend: (Time is in decaauts)
 A = Elapsed time spent in this place.
 B = Non-inter-level travel time spent in this place.
 C = Inter-level travel time spent in this place.
 D = Time resting spent in this place.
 E = Time spent auto-exploring this place.
 F = Levels seen in this place.
 G = Mean time per level.
                   A        B        C        D        E       F      G
               +--------+--------+--------+--------+--------+-----+--------+
         Total |   5721 |   5540 |    181 |    758 |   3619 |   8 |  715.1 |
       Dungeon |   5563 |   5390 |    173 |    758 |   3475 |   7 |  794.7 |
        Temple |    158 |    151 |      7 |      0 |    144 |   1 |  158.0 |
               +--------+--------+--------+--------+--------+-----+--------+

Top non-repeatable levels by time:
     D:6: 1183 daAuts
     D:4: 1011 daAuts
     D:2: 979 daAuts
     D:1: 871 daAuts
     D:5: 857 daAuts
     D:3: 641 daAuts
  Temple: 158 daAuts
     D:7: 17 daAuts
